 Dungeon Crawl Stone Soup version 0.23.2-11-gf996548c65 (webtiles) character file.

Game seed: 1311359861015218585

110 Nattfarinn the Ruffian (level 4, -1/40 HPs)
             Began as a Ghoul Monk on June 5, 2019.
             Slain by a phantom (9 damage)
             ... on level 2 of the Dungeon.
             The game lasted 00:03:33 (2154 turns).

Nattfarinn the Ruffian (Ghoul Monk)                 Turns: 2154, Time: 00:03:33

Health: -1/40      AC:  2    Str: 14    XL:     4   Next: 91%
Magic:  3/3        EV: 13    Int:  5    God:
Gold:   45         SH:  0    Dex: 12    Spells: 3/3 levels left

rFire    . . .     SeeInvis .     - Unarmed
rCold    + . .     Gourm    .   (no shield)
rNeg     + + +     Faith    .   a - +0 robe
rPois    ∞         Spirit   .   (no helmet)
rElec    .         Reflect  .   (no cloak)
rCorr    .         Harm     .   (no gloves)
MR       .....                  (no boots)
Stlth    ++........             d - amulet of the acrobat
HPRegen  0.00/turn              (no ring)
MPRegen  0.08/turn              (no ring)

@: rotting
A: rotting body, claws 1, carnivore, cold resistance 1, negative energy
resistance 3, inhibited regeneration, torment resistance, unbreathing
a: no special abilities


You were on level 2 of the Dungeon.
You were not hungry.

You visited 1 branch of the dungeon, and saw 2 of its levels.

You collected 45 gold pieces.

Inventory:

Armour
 a - a +0 robe (worn)
Jewellery
 d - an amulet of the acrobat (around neck)
 k - a cursed amulet of inaccuracy {unknown}
Scrolls
 f - 2 scrolls of identify {unknown}
 g - 3 scrolls of immolation {unknown}
 h - 2 scrolls of fog {unknown}
 j - a scroll of magic mapping {unknown}
Comestibles
 b - 8 rations


   Skills:
 + Level 3.9 Fighting
 + Level 3.2 Dodging
 + Level 3.2 Stealth
 * Level 4.5 Unarmed Combat


You had 3 spell levels left.
You didn't know any spells.
Your spell library was empty.

Dungeon Overview and Level Annotations

Branches:
Dungeon (2/15)

Altars:


Innate Abilities, Weirdness & Mutations

Your body is rotting away.
You thrive on raw meat.
You are immune to poison.
You have sharp fingernails.
You are carnivorous and can eat meat at any time.
Your flesh is cold resistant. (rC+)
You are immune to negative energy. (rN+++)
You do not regenerate when monsters are visible.
You are immune to unholy pain and torment.
You can survive without breathing.


Message History

You scratch the phantom.
The phantom is severely damaged.
The phantom barely misses you.
You closely miss the phantom.
The phantom is severely damaged.
The phantom blinks!
The phantom blinks!
You see here a spear.
The phantom blinks!
You scratch the phantom.
The phantom is severely damaged.
The phantom hits you!
* * * LOW HITPOINT WARNING * * *
The phantom blinks!
Sorry, you're not good enough to have a special ability.
You are too injured to fight recklessly!
You scratch the phantom.
The phantom is severely damaged.
The phantom hits you!
You die...

###.##.....#..............# #.#
#.##.#.#.#.###.##.#.##..# #.#
#.##.#.#.#.# #.##.#.##..#####.#
#.##.#.#.#.###>.......)))......
#.##.#.#.#...>....#.###<######.
#.##<#.#.##########.# #.# #..
#.##.#.#.##########.###.# #..
#..#....................# #..
##.##.......).@W....##### #..
#....#...########### #..
#.##...)..# #.. #.###.#.#.###
#.. # #.# #...#...## #.. ## #.#
#.#####..# ##. .###.#
#...#....# #. .....#####.#.##.#
#. .###.........##.# #.


You could see a phantom.

Vanquished Creatures
  2 orc wizards (D:2)
  An adder (D:2)
  3 worms (D:2)
  A dart slug (D:1)
  2 leopard geckos (D:1)
  2 orcs
  A bat (D:2)
  A giant cockroach (D:2)
  4 goblins
  2 hobgoblins
  3 kobolds
  3 frilled lizards
  8 rats
33 creatures vanquished.

Vanquished Creatures (others)
  An adder (D:2)
  An orc (D:2)
  A bat (D:2)
  A kobold (D:2)
4 creatures vanquished.

Grand Total: 37 creatures vanquished

Notes
Turn   | Place    | Note
-------+----------+-------------------------------------------
     0 | D:1      | Nattfarinn the Ghoul Monk began the quest for the Orb.
     0 | D:1      | Reached XP level 1. HP: 19/19 MP: 0/0
   192 | D:1      | Reached XP level 2. HP: 25/26 MP: 1/1
   910 | D:2      | Reached XP level 3. HP: 27/27 MP: 2/2
  1122 | D:2      | Reached skill level 4 in Unarmed Combat
  1122 | D:2      | Reached XP level 4. HP: 22/40 MP: 3/3
  1781 | D:2      | Noticed a phantom
  1797 | D:2      | HP: 2/40 [phantom (6)]
  2154 | D:2      | Slain by a phantom

Skill      XL: |  1  2  3  4 |
---------------+-------------+-----
Dodging        | 3 |  3.2
Unarmed Combat | 4 |  4.5
Stealth        | 3 |  3.2
Fighting       | |  3.9

Action                   |  1- 3 |  4- 6 || total
-------------------------+-------+-------++-------
Melee: Unarmed           |    43 |    84 ||   127
  Use: Potion            |       |     2 ||     2
       Scroll            |       |     1 ||     1
 Stab: Sleeping          |     4 |     5 ||     9
  Eat: Chunk             |     8 |     1 ||     9
Armor: Robe              |     2 |     9 ||    11
Dodge: Dodged            |    31 |    47 ||    78
